 Dungeon Crawl Stone Soup version 0.27.0-1-g7a089689b8 (webtiles) character file.

Game seed: 12719287261049360623

633 Strat the Insei (level 7, 0/39 HPs)
             Began as a Vine Stalker Monk on Aug 3, 2021.
             Was an Elder of Zin.
             Slain by a scorpion (4 damage)
             ... on level 4 of the Dungeon.
             The game lasted 00:10:58 (5410 turns).

Strat the Insei (Vine Stalker Monk)                 Turns: 5410, Time: 00:10:59

Health: 0/39       AC:  8    Str: 16    XL:     7   Next: 49%
Magic:  0/8        EV: 11    Int: 10    God:    Zin [****..]
Gold:   785        SH:  0    Dex: 16    Spells: 6/6 levels left

rFire    + . .     SeeInvis .     - Unarmed
rCold    . . .     Faith    .   (no shield)
rNeg     . . .     Spirit   +   c - +3 ring mail "Ovaixtil" {Fly}
rPois    .         Reflect  .   (no helmet)
rElec    .         Harm     .   (no cloak)
rCorr    .         Rampage  .   (no gloves)
Will     .....                  (no boots)
Stlth    ++........             (no amulet)
HPRegen  1.13/turn              e - ring of protection from fire
MPRegen  0.11/turn              (no ring)

@: lethally poisoned (0 -> 0), flying
A: fangs 2, regeneration 1, magic shield, antimagic bite, no potion heal 2
a: Renounce Religion, Recite, Vitalisation, Imprison, Donate Gold


You were on level 4 of the Dungeon.
You worshipped Zin.
Zin was greatly pleased with you.
You visited 2 branches of the dungeon, and saw 6 of its levels.

You collected 1079 gold pieces.
You spent 207 gold pieces at shops.
You donated 87 gold pieces to Zin.

Inventory:

Hand Weapons
 b - a +0 hunting sling of flaming
Missiles
 d - 14 sling bullets
 l - 93 stones (quivered)
 o - 18 poisoned darts
Armour
 a - a +0 robe
 c - the +3 ring mail "Ovaixtil" (worn) {Fly}
   (You bought it in a shop on level 3 of the Dungeon)

   Fly:       It grants you flight.
 k - a +0 scale mail
Jewellery
 e - a ring of protection from fire (left hand)
 n - a ring of flight
Scrolls
 h - a scroll of identify
 j - a scroll of fog
 p - a scroll of enchant weapon {unknown}
Potions
 f - 2 potions of degeneration
 g - 2 potions of berserk rage


   Skills:
 + Level 5.7 Fighting
 - Level 2.4 Dodging
 - Level 2.4 Stealth
 + Level 6.3 Unarmed Combat


You had 6 spell levels left.
You didn't know any spells.
Your spell library contained the following spells:

 Spells                   Type           Power      Damage    Failure   Level
 Animate Skeleton         Necr           0%         N/A       58%         1
 Apportation              Tloc           0%         N/A       58%         1
 Corona                   Hex            0%         N/A       58%         1
 Sting                    Tmut/Pois      0%         1d3       58%         1
 Summon Small Mammal      Summ           0%         N/A       58%         1
 Blink                    Tloc           N/A        N/A       73%         2
 Poisonous Vapours        Pois/Air       0%         N/A       73%         2
 Call Canine Familiar     Summ           0%         N/A       91%         3
 Lesser Beckoning         Tloc           0%         N/A       91%         3
 Summon Guardian Golem    Hex/Summ       0%         N/A       91%         3
 Olgreb's Toxic Radiance  Pois           0%         N/A       100%        4
 Manifold Assault         Tloc           0%         N/A       100%        5


Dungeon Overview and Level Annotations

Branches:
Dungeon (5/15)             Temple (1/1) D:5

Altars:
Ashenzari
Fedhas
Gozag
Hepliaklqana
Makhleb
Okawaru
Vehumet
Wu Jian
Yredelemnul
Zin

Shops:
D:3 [=((*


Innate Abilities, Weirdness & Mutations

You have extremely sharp teeth.
Your natural rate of healing is unusually fast.
When hurt, damage is shared between your health and your magic reserves.
Your bite disrupts and absorbs the magic of your enemies.
Potions cannot restore your health.


Message History

* * * LOW HITPOINT WARNING * * *
The scorpion stings you.
* * * LOW HITPOINT WARNING * * *
You are poisoned.
The scorpion poisons you! The centaur barely misses you. The centaur kicks you.
* * * LOW HITPOINT WARNING * * *
The scorpion stings you.
* * * LOW HITPOINT WARNING * * *
There is an open door, spattered with blood here.
* * * LOW HITPOINT WARNING * * *
You feel very sick.
The centaur wields a +0 shortbow.
The centaur shoots an arrow.
The arrow hits you. Zin protects you from harm!
Your system rejects the healing.
You feel better. The scorpion barely misses you.
Really attack while wielding your +0 hunting sling of flaming?
Okay, then.
Your +0 hunting sling of flaming stops flaming.
You are now empty-handed.
You barely miss the scorpion. Your bite misses the scorpion.
The scorpion stings you but does no damage.
You hit the scorpion but do no damage.
You bite the scorpion, but do no damage.
The scorpion stings you.
* * * LOW HITPOINT WARNING * * *
You are poisoned.
The scorpion poisons you!
You closely miss the scorpion.
You feel sick. The scorpion barely misses you.
You hit the scorpion.
The scorpion is moderately wounded.
You feel sick. The scorpion completely misses you.
The scorpion barely misses you.
You hit the scorpion.
The scorpion is heavily wounded.
You feel sick.
You punch the scorpion!
The scorpion is almost dead.
You feel sick. The scorpion stings you.
You die...

....#....#..........#..'....#..#.
####.....#..........#..#....#..#.
#.....#..........#..#....#..##
#######..........#..#....#....
#..........+..#....#'###
#..........#..#....#..##
#..........##+#....'..##
#..................#...#
#......@...........#...#
#.....##s##........#...#
#######.....#...#........#+###
#.....รท.....#.c.#....#+###..##
#...........#.>.#....#.......'
#...........#...#....#.......#
#...........#####....#####'###
####.########### #...........##
#..#......# #...........#.


You could see a centaur and a scorpion.

Vanquished Creatures
  Sigmund (D:3)
  A black bear (D:4)
  A jelly (D:3)
  An orc priest (D:4)
  2 bullfrog skeletons (D:5)
  A centaur skeleton (D:5)
  An iguana (D:4)
  Ijyb (D:2)
  Natasha (twice) (D:3)
  An orc wizard (D:4)
  A howler monkey zombie (D:5)
  An adder skeleton (D:4)
  2 worms
  A dart slug (D:4)
  8 orcs
  4 endoplasms
  3 giant cockroaches
  2 hobgoblins
  3 jackals (D:3)
  8 quokkas
  8 ball pythons
  3 bats
  6 goblins
  6 kobolds
  3 rats
71 creatures vanquished.

Notes
Turn   | Place    | Note
-------+----------+-------------------------------------------
     0 | D:1      | Strat the Vine Stalker Monk began the quest for the Orb.
     0 | D:1      | Reached XP level 1. HP: 11/11 MP: 2/2
    32 | D:1      | Found a faded altar of an unknown god.
   414 | D:1      | Reached XP level 2. HP: 16/16 MP: 3/3
  2125 | D:2      | Found a radiant altar of Vehumet.
  2275 | D:2      | Reached XP level 3. HP: 15/20 MP: 2/4
  2464 | D:3      | Noticed Natasha
  2478 | D:3      | Found Pihurenus's Antique Weapon Boutique.
  2483 | D:3      | Noticed Sigmund
  2528 | D:3      | Found Cakies's Antique Armour Shop.
  2532 | D:3      | Found Awiarr's Jewellery Emporium.
  2591 | D:3      | Noticed Ijyb
  2719 | D:3      | Found Fuixudest's General Store.
  3166 | D:2      | Killed Ijyb
  3167 | D:2      | Gained mutation: Your natural rate of healing is unusually
                  | fast. [Vine Stalker growth]
  3167 | D:2      | Reached XP level 4. HP: 2/24 MP: 1/5
  3231 | D:3      | Reached skill level 4 in Unarmed Combat
  3285 | D:3      | Killed Sigmund
  3286 | D:3      | Reached skill level 5 in Unarmed Combat
  3286 | D:3      | Reached XP level 5. HP: 17/30 MP: 2/6
  3286 | D:3      | Reached XP level 6. HP: 19/34 MP: 2/7
  3432 | D:3      | Found Codyoq's Antique Weapon Boutique.
  3717 | D:3      | Killed Natasha
  3838 | D:4      | Found a basalt altar of Yredelemnul.
  3841 | D:4      | Found a broken altar of Ashenzari.
  3847 | D:4      | Found a hazy altar of Hepliaklqana.
  4172 | D:3      | Reached skill level 5 in Fighting
  4249 | D:4      | Identified a scroll of acquirement
  4249 | D:4      | Acquired 880 gold pieces
  4277 | D:3      | Noticed Natasha
  4292 | D:3      | Killed Natasha
  4309 | D:3      | Bought a bloodstained ring mail for 207 gold pieces
  4309 | D:3      | Identified the +3 ring mail "Ovaixtil" {Fly} (You bought it
                  | in a shop on level 3 of the Dungeon)
  4401 | D:4      | Noticed a black bear
  4420 | D:4      | Killed a black bear
  4421 | D:4      | Reached XP level 7. HP: 39/39 MP: 8/8
  4427 | D:4      | Reached skill level 6 in Unarmed Combat
  4978 | D:5      | Entered Level 5 of the Dungeon
  5009 | D:5      | Found a staircase to the Ecumenical Temple.
  5030 | Temple   | Entered the Ecumenical Temple
  5041 | Temple   | Became a worshipper of Zin the Law-Giver
  5041 | Temple   | Reached * piety under Zin
  5041 | Temple   | Reached ** piety under Zin
  5041 | Temple   | Reached *** piety under Zin
  5141 | D:5      | Found an ornate altar of the Wu Jian Council.
  5262 | D:5      | Reached **** piety under Zin
  5402 | D:4      | Zin protects you from harm!
  5410 | D:4      | Slain by a scorpion

Illustrated notes

Levels and vault maps discovered:
D:1:      lightli_arrival_flooded_house, layout_basic, basic_ecumenical_altar,
          minmay_misc_feat_rugged, minmay_misc_feat_x
D:2:      layout_rooms, basic_altar
D:3:      layout_basic, serial_shops, nicolae_shop_waterfront, shop,
          nicolae_shop_stone, nicolae_diamond_shop, nicolae_shop_waterfront,
          uniq_natasha, uniq_ijyb, uniq_sigmund
D:4:      layout_gridville, grunt_temple_overflow_diamond,
          hangedman_abyss_or_decor_lesser_grid
D:5:      layout_basic, marbit_many_paths, minmay_temple_entry_mini_moons,
          nicolae_take_the_stairs, minmay_chambers_of_fives
Temple:   compressed_dpeg_triangle_lava_temple

Skill      XL: |  1  2  3  4  5  6  7 |
---------------+----------------------+-----
Fighting       | 3 4 5 |  5.7
Unarmed Combat | 5 6 |  6.3
Dodging        | |  2.4
Stealth        | |  2.4

Action                   |  1- 3 |  4- 6 |  7- 9 || total
-------------------------+-------+-------+-------++-------
Melee: Unarmed           |   106 |    86 |    39 ||   231
       Bite              |    27 |    29 |     8 ||    64
       Punch             |     2 |     4 |     1 ||     7
 Fire: Hunting sling     |       |       |    28 ||    28
Throw: Stone             |     7 |     6 |       ||    13
Evoke: Wand              |       |     4 |       ||     4
  Use: Scroll            |       |     6 |     6 ||    12
       Potion            |       |       |     1 ||     1
 Stab: Sleeping          |     2 |       |     1 ||     3
Armor: Robe              |    13 |       |       ||    13
       Scale mail        |    13 |    19 |       ||    32
       Ring mail         |       |     8 |    25 ||    33
Dodge: Dodged            |    47 |    47 |    29 ||   123
